 Dungeon Crawl Stone Soup version 0.22.0-2-ge58baed (webtiles) character file.

233 Faca the Cudgeler (level 6, -6/40 HPs)
             Began as a Gargoyle Fighter on Aug 12, 2018.
             Killed by divine providence
             ... invoked by an orc priest
              (16 damage)
             ... on level 3 of the Dungeon.
             The game lasted 00:08:24 (2679 turns).

Faca the Cudgeler (Gargoyle Fighter)                Turns: 2679, Time: 00:08:25

Health: -6/40      AC: 11    Str: 21    XL:     6   Next: 4%
Magic:  6/6        EV:  5    Int:  8    God:
Gold:   153        SH:  9    Dex: 10    Spells: 5/5 levels left

rFire    + . .     SeeInvis .   a - +0 flail
rCold    + . .     Gourm    .   c - +0 shield
rNeg     + . .     Faith    .   p - +0 chain mail
rPois    ∞         Spirit   .   (no helmet)
rElec    +         Reflect  .   m - scarf {rC+ rF+}
rCorr    .         Harm     .   (no gloves)
MR       .....                  j - +0 pair of boots
Stlth    ..........             (no amulet)
HPRegen  0.13/turn              q - -3 ring of protection (curse)
MPRegen  0.10/turn              (no ring)

@: no status effects
A: negative energy resistance 1, electricity resistance, unbreathing,
petrification resistance, rot immunity, AC +4
a: no special abilities


You were on level 3 of the Dungeon.
You were not hungry.

You visited 1 branch of the dungeon, and saw 4 of its levels.

You collected 153 gold pieces.

Inventory:

Hand Weapons
 a - a +0 flail (weapon)
Armour
 c - a +0 shield (worn)
 j - a +0 pair of boots (worn)
 m - a scarf of resistance (worn)
 p - a +0 chain mail (worn)
Jewellery
 q - a cursed -3 ring of protection (left hand)
Wands
 g - a wand of iceblast (5)
Potions
 b - a potion of heal wounds {unknown}
 d - a potion of might
 h - a potion of magic {unknown}
 i - a potion of flight {unknown}
 k - a potion of agility
 n - a potion of ambrosia {unknown}
 o - 2 potions of lignification {unknown}
Comestibles
 f - 3 rations


   Skills:
 + Level 4.8 Fighting
 * Level 5.1 Maces & Flails
 - Level 3.2 Armour
 - Level 3.2 Shields


You had 5 spell levels left.
You didn't know any spells.
Your spell library was empty.

Dungeon Overview and Level Annotations

Branches:
Dungeon (4/15)
 Temple: D:4-7

Altars:


Innate Abilities, Weirdness & Mutations

You are resistant to torment.
Your stone body is resilient. (AC +4)
You are immune to poison.
You resist negative energy. (rN+)
You are resistant to electric shocks. (rElec)
You can survive without breathing.
You are immune to petrification.
You are immune to rotting.


Message History

The orc priest is moderately wounded.
The worker ant barely misses you.
The orc priest calls down the wrath of Beogh upon you.
Beogh smites you!
* * * LOW HITPOINT WARNING * * *
The worker ant bites you but does no damage.
The orc priest barely misses you. You block the worker ant's attack.
You climb upwards.
There is a stone staircase leading down here.
You hit the orc priest.
The orc priest is heavily wounded.
The worker ant bites you but does no damage.
You block the orc priest's attack. You block the worker ant's attack.
You thump the orc priest!
The orc priest is almost dead.
The orc priest hits you but does no damage.
The worker ant bites you but does no damage.
The orc priest invokes the aid of Beogh against you.
Beogh smites you!
You die...

######## ##
#......#### #
###.####....######
#.......(.........
#.#.####....######
#.#.####.#### #
###.#......# #
#.)....##### #
#.#@##.### ####
#.#oa....# #...
#.####.#.########.##
#......#.#.....##.##
########.#.....##.##
#.......#.....##.##
#.#####.#.....##.##
#.#####.#.....##...
#.##.(..##.......##


You could see a worker ant and an orc priest.

Vanquished Creatures
  An orc priest (D:3)
  8 adders
  An ooze (D:3)
  3 worms
  4 dart slugs
  5 leopard geckos
  7 orcs (D:3)
  2 ball pythons
  4 giant cockroaches
  8 goblins
  13 hobgoblins
  6 jackals
  3 quokkas
  8 bats
  3 frilled lizards
  15 kobolds
  7 rats
98 creatures vanquished.

Notes
Turn   | Place    | Note
-------+----------+-------------------------------------------
     0 | D:1      | Faca the Gargoyle Fighter began the quest for the Orb.
     0 | D:1      | Reached XP level 1. HP: 14/14 MP: 1/1
   168 | D:1      | Reached XP level 2. HP: 9/19 MP: 2/2
   667 | D:1      | Reached skill level 3 in Maces & Flails
   667 | D:1      | Reached XP level 3. HP: 18/24 MP: 3/3
  1406 | D:2      | Reached XP level 4. HP: 24/29 MP: 4/4
  1716 | D:2      | Found a faded altar of an unknown god.
  1812 | D:2      | Reached skill level 4 in Maces & Flails
  1943 | D:3      | Reached XP level 5. HP: 31/34 MP: 5/5
  2247 | D:3      | Reached skill level 5 in Maces & Flails
  2577 | D:3      | Reached XP level 6. HP: 40/40 MP: 6/6
  2679 | D:3      | Killed from afar by an orc priest

Skill      XL: |  1  2  3  4  5 |
---------------+----------------+-----
Maces & Flails | 3 4 5 |  5.1
Fighting       | 4 |  4.8
Armour         | |  3.2
Shields        | |  3.2

Action                   |  1- 3 |  4- 6 || total
-------------------------+-------+-------++-------
Melee: Flail             |   172 |   233 ||   405
  Use: Scroll            |       |     6 ||     6
  Eat: Chunk             |     2 |       ||     2
       Ration            |       |     2 ||     2
Armor: Scale mail        |    99 |    82 ||   181
       Chain mail        |       |    72 ||    72
Dodge: Dodged            |    76 |    60 ||   136
Block: Shield            |   118 |   149 ||   267
